 Dungeon Crawl Stone Soup version 0.24-a0-205-g1d96822 (webtiles) character file.

Game seed: 16658764854545679561

10455 Borgoz the Slicer (level 11, -8/126 HPs)
             Began as a Demonspawn Berserker on Mar 28, 2019.
             Was a High Priest of Trog.
             Mangled by a troll (10 damage)
             ... on level 10 of the Dungeon.
             The game lasted 00:15:14 (8741 turns).

Borgoz the Slicer (Demonspawn Berserker)            Turns: 8741, Time: 00:15:15

Health: -8/126     AC: 12    Str: 27    XL:     11   Next: 36%
Magic:  0/12       EV: 15    Int: 10    God:    Trog [*****.]
Gold:   506        SH:  0    Dex: 15    Spells: 10/10 levels left

rFire    . . .     SeeInvis .   a - +0 short sword
rCold    . . .     Gourm    +   (no shield)
rNeg     . . .     Faith    .   t - +0 scale mail {rPois}
rPois    +         Spirit   +   I - +1 hat
rElec    .         Reflect  .   r - +1 cloak {MR+}
rCorr    .         Harm     .   (no gloves)
MR       ++...                  g - +0 pair of boots
Stlth    ..........             z - amulet of the gourmand
HPRegen  0.31/turn              O - ring of protection from magic
MPRegen  0.26/turn              P - +5 ring of strength

@: berserking, drained, very quick
A: horns 1, spiny 1, magic shield, magic regeneration
a: Berserk, Trog's Hand, Brothers in Arms, Renounce Religion


You were on level 10 of the Dungeon.
You worshipped Trog.
Trog was extremely pleased with you.
You were not hungry.

You visited 2 branches of the dungeon, and saw 11 of its levels.

You collected 506 gold pieces.

Inventory:

Hand Weapons
 a - a +0 short sword (weapon)
Armour
 b - a +3 leather armour of cold resistance
 e - a +1 plate armour of poison resistance
 g - a +0 pair of boots (worn)
 r - a +1 cloak of magic resistance (worn)
 t - a +0 scale mail of poison resistance (worn)
 I - a +1 hat (worn)
 J - a +0 chain mail of positive energy
 N - a +0 troll leather armour
Jewellery
 n - a +3 ring of evasion
 q - an uncursed amulet of the acrobat
 u - an uncursed ring of fire
 z - an amulet of the gourmand (around neck)
 L - an uncursed ring of protection from magic
 O - a ring of protection from magic (left hand)
 P - a +5 ring of strength (right hand)
Wands
 d - a wand of flame (1)
 y - a wand of random effects (19)
 F - a wand of paralysis (16)
Scrolls
 h - 2 scrolls of fear {unknown}
 i - 2 scrolls of blinking {unknown}
 k - 3 scrolls of magic mapping {unknown}
 l - 5 scrolls of remove curse
 o - 2 scrolls of teleportation {unknown}
 p - 2 scrolls of enchant weapon {unknown}
 s - 3 scrolls of fog {unknown}
 w - 2 scrolls of enchant armour {unknown}
 x - 4 scrolls of amnesia {unknown}
 C - 3 scrolls of identify
 D - a scroll of random uselessness {unknown}
 M - a scroll of immolation {unknown}
Potions
 f - 2 potions of haste
 j - 2 potions of lignification
 m - a potion of curing
 v - 2 potions of resistance
 A - a potion of flight {unknown}
 B - a potion of mutation {unknown}
 E - 2 potions of heal wounds {unknown}
 G - a potion of magic {unknown}
 H - 2 potions of cancellation {unknown}
 K - 2 potions of agility {unknown}
Comestibles
 c - 17 rations


   Skills:
 + Level 7.5(6.6) Fighting
 * Level 9.1(8.2) Short Blades
 * Level 8.8(7.9) Armour
 * Level 8.8(7.9) Dodging
 + Level 2.5(1.8) Stealth
 + Level 2.5(1.7) Evocations


You had 10 spell levels left.
You didn't know any spells.
Your spell library was empty.

Dungeon Overview and Level Annotations

Branches:
Dungeon (10/15)            Temple (1/1) D:7            Lair (0/6) D:8
    Orc: D:9-12

Altars:
Ashenzari
Cheibriados
Dithmenos
Elyvilon
Fedhas
Gozag
Hepliaklqana
Kikubaaqudgha
Makhleb
Nemelex Xobeh
Okawaru
Qazlal
Ru
Sif Muna
Trog
Uskayaw
Vehumet
Wu Jian
Xom
Yredelemnul
Zin
The Shining One

Annotations:
D:9 4 runed translucent doors


Innate Abilities, Weirdness & Mutations

You have a pair of small horns on your head.
You are partially covered in sharp spines.
When hurt, damage is shared between your health and your magic reserves.
You regenerate magic rapidly.


Message History

You hit the troll.
The troll is lightly wounded.
The troll is struck by your spines. The troll bites you!
* * * LOW HITPOINT WARNING * * *
The troll completely misses you. x2
You closely miss the troll.
The troll is moderately wounded.
The troll is struck by your spines. The troll bites you but does no damage.
The troll claws you!
* * * LOW HITPOINT WARNING * * *
The troll claws you but does no damage.
You hit the troll. You headbutt the troll.
The troll is severely wounded.
The troll bites you!
* * * LOW HITPOINT WARNING * * *
The troll misses you. The troll claws you but does no damage.
A red film seems to cover your vision as you go berserk!
You feel yourself moving faster!
You feel mighty!
You feel a lot more hungry.
The troll closely misses you. x2; The troll claws you!
You die...

...### ......
...... .....# .
...... ....##
........ ##(....##
#.......##.......#
.......(#.......#
...##>(.T.....# .
#.#(..@.....#
...#..รท)(..##.##
#.....))))###
....###)(##(.##
.##...#...#(..#
........<().#..#
....#(.##.....$...
.#. ##.#..........
.. #.....######.


You could see a troll.

Vanquished Creatures
  Gastronok (D:8)
  Erica (D:9)
  2 two-headed ogres
  Pikel (D:7)
  A deep elf mage (D:9)
  Maurice (D:9)
  2 trolls (D:9)
  2 hippogriffs
  A spriggan (D:7)
  5 yaks
  A black bear (D:8)
  2 sky beasts
  4 slaves (D:7)
  3 ice beasts
  A phantom (D:9)
  2 necrophages (D:7)
  5 centaurs
  2 ogres
  A big kobold (D:10)
  A bullfrog (D:8)
  2 scorpions
  7 killer bees
  13 wights
  7 howler monkeys
  3 crimson imps
  3 hounds
  Crazy Yiuf (D:3)
  A centaur skeleton (D:5)
  6 jellies
  A bullfrog zombie (D:7)
  2 orc priests
  A gnoll shaman (D:5)
  Jessica (D:8)
  Ijyb (D:3)
  An iguana (D:5)
  9 orc wizards
  4 worker ants
  2 killer bee zombies (D:5)
  2 hound zombies
  A hound skeleton (D:8)
  A worker ant zombie (D:5)
  7 gnolls
  20 adders
  2 shadow imps
  2 oozes
  2 adder skeletons
  An adder zombie (D:8)
  A dart slug (D:2)
  5 worms
  4 leopard geckos
  18 orcs
  A ball python (D:1)
  9 giant cockroaches
  12 goblins
  8 hobgoblins
  6 jackals
  3 quokkas
  5 bats
  5 frilled lizards
  A giant cockroach zombie (D:5)
  10 kobolds
  A leopard gecko skeleton (D:4)
  A quokka skeleton (D:4)
  11 rats
243 creatures vanquished.

Notes
Turn   | Place    | Note
-------+----------+-------------------------------------------
     0 | D:1      | Borgoz the Demonspawn Berserker began the quest for the
                  | Orb.
     0 | D:1      | Reached XP level 1. HP: 18/18 MP: 1/1
   198 | D:1      | Noticed a troll
   223 | D:1      | Gained mutation: You are partially covered in sharp spines.
                  | [demonic ancestry]
   223 | D:1      | Reached XP level 2. HP: 22/24 MP: 2/2
   509 | D:1      | Reached skill level 3 in Short Blades
   565 | D:1      | Reached ** piety under Trog
   565 | D:1      | Reached XP level 3. HP: 29/29 MP: 3/3
  1469 | D:2      | Reached XP level 4. HP: 35/35 MP: 4/4
  1779 | D:2      | Found a sparkling altar of Nemelex Xobeh.
  1831 | D:3      | Found a hazy altar of Hepliaklqana.
  1838 | D:3      | Found a bloodstained altar of Trog.
  1843 | D:3      | Found a blossoming altar of Fedhas.
  1892 | D:3      | Noticed Ijyb
  1894 | D:3      | Paralysed by Ijyb for 2 turns
  1901 | D:3      | Paralysed by Ijyb for 6 turns
  1962 | D:3      | Killed Ijyb
  2085 | D:3      | Found a runed translucent door.
  2086 | D:3      | Noticed Crazy Yiuf
  2150 | D:3      | Gained mutation: You have a pair of small horns on your
                  | head. [demonic ancestry]
  2150 | D:3      | Reached XP level 5. HP: 35/42 MP: 5/5
  2473 | D:3      | Killed Crazy Yiuf
  2614 | D:4      | Reached *** piety under Trog
  2626 | D:4      | Found a basalt altar of Yredelemnul.
  2641 | D:4      | Noticed an ogre
  2648 | D:4      | Killed an ogre
  2648 | D:4      | Reached skill level 4 in Short Blades
  2648 | D:4      | Reached XP level 6. HP: 48/48 MP: 6/6
  2791 | D:4      | You fall through a shaft!
  2791 | D:5      | Entered Level 5 of the Dungeon
  2792 | D:5      | Noticed a sky beast
  2804 | D:5      | Killed a sky beast
  2850 | D:5      | Noticed an ice beast
  2859 | D:5      | Killed an ice beast
  2896 | D:5      | Reached XP level 7. HP: 40/55 MP: 7/7
  3139 | D:5      | Reached skill level 5 in Short Blades
  3618 | D:5      | Noticed a hippogriff
  3632 | D:5      | Killed a hippogriff
  3632 | D:5      | Reached skill level 5 in Dodging
  3632 | D:5      | Gained mutation: When hurt, damage is shared between your
                  | health and your magic reserves. [demonic ancestry]
  3632 | D:5      | Reached XP level 8. HP: 61/61 MP: 8/8
  3701 | D:5      | Reached skill level 5 in Armour
  3837 | D:4      | Reached skill level 5 in Fighting
  3961 | D:4      | Reached **** piety under Trog
  4382 | D:3      | Found an iron altar of Okawaru.
  5134 | D:7      | Noticed Pikel
  5184 | D:7      | Killed Pikel
  5184 | D:7      | Reached skill level 6 in Short Blades
  5184 | D:7      | Reached XP level 9. HP: 38/68 MP: 7/9
  5702 | D:7      | Found a staircase to the Ecumenical Temple.
  5818 | D:7      | Reached skill level 7 in Short Blades
  5890 | Temple   | Entered the Ecumenical Temple
  6219 | D:8      | Noticed Jessica
  6226 | D:8      | Found a deep blue altar of Sif Muna.
  6235 | D:8      | Killed Jessica
  6310 | D:8      | Noticed a two-headed ogre
  6322 | D:8      | Killed a two-headed ogre
  6452 | D:8      | Gained mutation: You regenerate magic rapidly. [demonic
                  | ancestry]
  6452 | D:8      | Reached XP level 10. HP: 77/77 MP: 10/10
  6554 | D:8      | Noticed Gastronok
  6573 | D:8      | Killed Gastronok
  6573 | D:8      | Reached skill level 8 in Short Blades
  6594 | D:8      | Found a staircase to the Lair.
  6716 | D:8      | Found a shattered altar of Ashenzari.
  6820 | D:8      | Noticed an angel
  6821 | D:8      | Found a glowing silver altar of Zin.
  6881 | D:8      | Found a hide-covered altar of Uskayaw.
  6882 | D:8      | Found a burning altar of Makhleb.
  7228 | D:9      | Reached ***** piety under Trog
  7334 | D:9      | Noticed a two-headed ogre
  7353 | D:9      | Killed a two-headed ogre
  7353 | D:9      | Reached skill level 1 in Stealth
  7353 | D:9      | Reached skill level 1 in Evocations
  7360 | D:9      | Noticed a deep elf mage
  7362 | D:9      | Noticed a deep elf mage
  7364 | D:9      | Found a large runed translucent door.
  7375 | D:9      | Found a large runed translucent door.
  7385 | D:9      | Noticed Maurice
  7713 | D:9      | Killed Maurice
  7781 | D:9      | Found a large runed translucent door.
  7781 | D:9      | Found a large runed translucent door.
  7937 | D:9      | Noticed Erica
  7950 | D:9      | Killed Erica
  7950 | D:9      | Reached XP level 11. HP: 84/84 MP: 12/12
  8491 | D:9      | Noticed a deep elf mage
  8516 | D:9      | Killed a deep elf mage
  8633 | D:10     | Entered Level 10 of the Dungeon
  8642 | D:10     | Reached skill level 9 in Short Blades
  8740 | D:10     | HP: 1/84 [troll (7)]
  8741 | D:10     | Mangled by a troll

Levels and vault maps discovered:
D:1:      erik_arrival_cave_to_civilisation [erik_arrival_cave_to_temple],
          layout_loops_ring, minivault_24
D:2:      layout_basic, lemuel_coloured_pillars_altar
D:3:      layout_rooms, nicolae_overflow_hidden_temple, minitemple,
          chequers_serial_rivers_small_3, uniq_crazy_yiuf_cottage, uniq_ijyb
D:4:      layout_gridville, kennysheep_mini_moat, first_ration,
          hangedman_decor_lopped, grunt_ministairs_1
D:5:      layout_basic, amethyst_killhole
D:6:      layout_basic
D:7:      layout_loops_ring, minmay_temple_entry_butterflies, the_bakery,
          uniq_pikel
D:8:      layout_loops_ring, lemuel_doored_altar, zin_angel,
          gammafunk_temple_overflow_statue, lair_entry_dummy,
          serial_bayou_pond_c, tgw_sif, uniq_gastronok
D:9:      layout_gridville, minivault_22, minmay_hollow_rounded_squares,
          uniq_erica, uniq_maurice
D:10:     layout_cave_pools
Temple:   chequers_temple_sunken

Skill      XL: |  1  2  3  4  5  6  7  8  9 10 11 |
---------------+----------------------------------+-----
Dodging        | 2 3 4 5 6 7 8 |  8.8
Armour         | 2 3 4 5 7 8 |  8.8
Short Blades   | 3 4 5 6 7 8 9 |  9.1
Fighting       | 4 5 6 7 |  7.5
Stealth        | 1 2 |  2.5
Evocations     | 1 2 |  2.5

Action                   |  1- 3 |  4- 6 |  7- 9 | 10-12 || total
-------------------------+-------+-------+-------+-------++-------
Melee: Short sword       |   116 |   199 |   323 |   338 ||   976
       Headbutt          |       |    14 |    79 |    93 ||   186
Invok: Berserk           |     2 |     3 |     4 |     7 ||    16
       Trog's Hand       |       |       |       |     1 ||     1
  Use: Scroll            |       |       |     7 |       ||     7
       Potion            |       |       |       |     1 ||     1
  Eat: Chunk             |     4 |     7 |    16 |    19 ||    46
Armor: Plate armour      |    60 |    92 |    54 |       ||   206
       Animal skin       |     3 |       |       |       ||     3
       Scale mail        |       |       |    47 |    76 ||   123
Dodge: Dodged            |    42 |    69 |   217 |   275 ||   603

Table legend:
 A = Non-vault XP
 B = Vault XP
 C = Vault XP percentage of total XP
 D = Non-vault monster count
 E = Vault monster count
 F = Vault count percentage of total count
                 A         B        C        D         E       F
            +---------+---------+-------+---------+---------+-------
      Total |    9476 |    5461 |  36.6 |     223 |      16 |   6.7
            +---------+---------+-------+---------+---------+-------
        D:1 |      42 |       3 |   6.7 |      24 |       2 |   7.7
        D:2 |      75 |       0 |   0.0 |      23 |       0 |   0.0
        D:3 |      57 |      80 |  58.4 |      14 |       2 |  12.5
        D:4 |     368 |       1 |   0.3 |      22 |       1 |   4.3
        D:5 |    1411 |       0 |   0.0 |      31 |       0 |   0.0
        D:6 |      62 |       0 |   0.0 |       5 |       0 |   0.0
        D:7 |    1110 |     884 |  44.3 |      22 |       2 |   8.3
        D:8 |    1980 |    2292 |  53.7 |      26 |       2 |   7.1
        D:9 |    2801 |    2201 |  44.0 |      29 |       7 |  19.4
       D:10 |    1570 |       0 |   0.0 |      27 |       0 |   0.0
            +---------+---------+-------+---------+---------+-------
